 Dungeon Crawl Stone Soup version 0.28.0-43-g3370ac3207 (webtiles) character file.

Game seed: 8711540140205576312

13525 smarlow the Covert (level 11, -5/56 HPs)
             Began as a Spriggan Enchanter on Mar 11, 2022.
             Was a Believer of Dithmenos.
             Shot with an arrow by a centaur warrior (20 damage)
             ... on level 13 of the Dungeon.
             The game lasted 00:39:17 (17708 turns).

smarlow the Covert (Spriggan Enchanter)            Turns: 17708, Time: 00:39:17

Health: -5/56      AC:  5    Str: 10    XL:     11   Next: 76%
Magic:  25/25      EV: 24    Int: 17    God:    Dithmenos [**....]
Gold:   556        SH:  0    Dex: 20    Spells: 13/29 levels left

rFire   . . .      SeeInvis +   u - +2 dagger (holy)
rCold   . . .      Faith    .   (no shield)
rNeg    + . .      Spirit   .   t - +2 robe {Will+}
rPois   +          Reflect  .   (helmet restricted)
rElec   .          Harm     .   C - +0 cloak {rPois}
rCorr   .          Rampage  .   (gloves unavailable)
Will    ++...                   (boots unavailable)
Stlth   +++++++...              (no amulet)
HPRegen 0.18/turn               b - +6 ring of strength
MPRegen 0.19/turn               a - ring of positive energy

@: wreathed by umbra, very quick
A: very small, no large weapons, unfitting armour, see invisible, speed 3
a: Renounce Religion, Shadow Step


You were on level 13 of the Dungeon.
You worshipped Dithmenos.
Dithmenos was pleased with you.
You visited 2 branches of the dungeon, and saw 14 of its levels.

You collected 828 gold pieces.
You spent 272 gold pieces at shops.

Inventory:

Hand Weapons
 u - a +2 dagger of holy wrath (weapon)
Missiles
 A - 2 throwing nets
Armour
 t - a +2 robe of willpower (worn)
 C - a +0 cloak of poison resistance (worn)
Jewellery
 a - a ring of positive energy (right hand)
 b - a +6 ring of strength (left hand)
 h - an amulet of faith
 F - a ring of protection from fire
 G - a ring of positive energy
Wands
 j - a wand of mindburst (4)
 l - a wand of charming (7)
 n - a wand of flame (27)
 r - a wand of iceblast (9)
 z - a wand of polymorph (11)
 B - a wand of digging (6)
 H - a wand of acid (6)
Scrolls
 f - 8 scrolls of teleportation
 g - 2 scrolls of vulnerability
 i - a scroll of amnesia
 k - 2 scrolls of enchant weapon
 x - a scroll of immolation
 y - 4 scrolls of fog
Potions
 c - a potion of invisibility
 d - 4 potions of curing
 e - 2 potions of brilliance
 m - a potion of heal wounds {unknown}
 o - 3 potions of ambrosia
 p - a potion of resistance {unknown}
 q - 4 potions of mutation
 s - a potion of magic {unknown}
 v - a potion of berserk rage {unknown}
 w - a potion of cancellation {unknown}
 D - a potion of flight {unknown}
 E - a potion of haste {unknown}


   Skills:
 * Level 6.0 Fighting
 + Level 7.0 Short Blades
 + Level 8.7 Dodging
 * Level 12.5 Stealth
 + Level 9.9 Spellcasting
 + Level 4.3 Conjurations
 - Level 6.0 Hexes
 + Level 7.1 Translocations
 + Level 5.3 Earth Magic


You had 13 spell levels left.
You knew the following spells:

 Your Spells              Type           Power      Damage    Failure   Level
a - Ensorcelled Hibernat  Hex/Ice        36%        N/A       3%          2
b - Confusing Touch       Hex            28%        N/A       2%          3
c - Tukima's Dance        Hex            28%        N/A       2%          3
d - Stone Arrow           Conj/Erth      48%        3d10      3%          3
e - Teleport Other        Tloc           32%        N/A       1%          3
f - Blink                 Tloc           64%        N/A       1%          2

Your spell library contained the following spells:

 Spells                   Type           Power      Damage    Failure   Level
 Sandblast                Erth           52%        2d12      1%          1
 Gell's Gravitas          Tloc           32%        N/A       1%          3
 Lesser Beckoning         Tloc           32%        N/A       1%          3
 Dazzling Flash           Conj/Hex       52%        N/A       3%          3
 Passwall                 Tmut/Erth      14%        N/A       4%          2
 Animate Skeleton         Necr           16%        N/A       9%          1
 Freeze                   Ice            32%        1d5       9%          1
 Pain                     Necr           32%        1d5       9%          1
 Manifold Assault         Tloc           32%        N/A       13%         5
 Anguish                  Hex/Necr       9%         N/A       24%         4
 Frozen Ramparts          Ice            16%        1d3       26%         3
 Vampiric Draining        Necr           8%         2d6       26%         3
 Hailstorm                Conj/Ice       15%        3d5       34%         4
 Silence                  Hex/Air        9%         N/A       56%         5
 Agony                    Necr           8%         N/A       94%         5
 Enfeeble                 Hex            14%        N/A       99%         7


Dungeon Overview and Level Annotations

Branches:
Dungeon (13/15)            Temple (1/1) D:7            Lair (0/6) D:11
    Orc (0/2) D:11
 Vaults: D:13-14

Altars:
Ashenzari
Cheibriados
Dithmenos
Elyvilon
Fedhas
Gozag
Hepliaklqana
Kikubaaqudgha
Makhleb
Nemelex Xobeh
Okawaru
Qazlal
Ru
Sif Muna
Trog
Uskayaw
Vehumet
Wu Jian
Xom
Yredelemnul
Zin
The Shining One

Shops:
D:7 (*?

Annotations:
D:9 Harold


Innate Abilities, Weirdness & Mutations

You are very small and have problems with some larger weapons.
You are too small for most types of armour.
You have supernaturally acute eyesight. (SInv)
You cover ground extremely quickly. (Speed+++)


Message History

f - 8 scrolls of teleportation (gained 1)
Found 4 datura-tipped darts.
Found 17 gold pieces.
Found a ring mail.
You hear the faint crackling of a distant melting archway.
Found a stone staircase leading down.
You now have 556 gold pieces (gained 17).
A white ugly thing comes into view.
The white ugly thing gurgles horribly!
You can't see any susceptible monsters within range! (Use Z to cast anyway.)
There is a stone staircase leading down here.
You open the door.
There is an open door here.
You open the door.
A vampire mosquito comes into view.
There is an open door here.
A vampire mosquito comes into view.
There is an open door here.
The vampire mosquito buzzes angrily.
There is an open door here.
The vampire mosquito buzzes angrily.
The vampire mosquito bites you!
The vampire mosquito draws strength from your injuries!
You hear the crackling of a melting archway nearby.
The vampire mosquito closely misses you.
A centaur warrior comes into view.
The centaur warrior shouts!
The centaur warrior closely misses you. The centaur warrior kicks you.
You closely miss the centaur warrior.
The centaur warrior hits you but does no damage.
The centaur warrior kicks you.
The centaur warrior wields a +0 shortbow.
The centaur warrior shoots an arrow.
The arrow hits you!!
* * * LOW HITPOINT WARNING * * *
Really walk into that dispersal trap?
You enter a dispersal trap!
The centaur warrior blinks!
The vampire mosquito blinks! x2; The centaur warrior blinks! x3; You blink.
The centaur warrior shoots an arrow.
The arrow closely misses you.
The centaur warrior shoots an arrow.
The arrow hits you!!
You die...

#...§§..#.....###.# +
#..§....#.......#.# #
#...§...#####'###.# #
#..y..............#
#.§.......######..# #...§...y.#
#..# #.........+ #..#
+c........+ #..#
#...§...@.######..#
+.................######+
#........................
+.........###########....
#.........#.........#..##
######..######'#.......<.#..#
........#................#..#
........#................#..#
#####......#................#..#


You could see a centaur warrior and 2 vampire mosquitoes.

Vanquished Creatures
  Snorg (D:11)
  A hydra (D:11)
  Erolcha (D:11)
  A two-headed ogre (D:13)
  A cyclops (D:8)
  3 ugly things
  Maurice (D:8)
  A gargoyle (D:12)
  Maggie (D:10)
  An unseen horror (D:11)
  Psyche (D:8)
  A komodo dragon (D:11)
  A kobold demonologist (D:10)
  A troll (D:12)
  3 slime creatures (D:12)
  A wraith (D:12)
  A shadow (D:11)
  Grum (D:8)
  4 wyverns
  A basilisk (D:11)
  3 vampire mosquitoes
  4 acid dragons
  3 water moccasins
  A black bear (D:8)
  3 sky beasts
  6 orc warriors
  An ice beast (D:6)
  3 necrophages
  3 wolves
  4 ogres
  6 centaurs
  A phantom (D:4)
  4 bullfrogs
  A kobold brigand (D:9)
  4 scorpions
  A wyvern skeleton (D:6)
  2 water moccasin skeletons
  5 wights
  A howler monkey (D:8)
  A bullfrog zombie (D:5)
  3 centaur zombies
  3 hounds (D:5)
  A gnoll shaman (D:8)
  9 orc priests
  A bullfrog skeleton (D:5)
  A centaur skeleton (D:7)
  2 iguanas (D:5)
  6 orc wizards
  2 killer bee zombies
  2 howler monkey zombies (D:9)
  8 adders
  A gnoll (D:8)
  A shadow imp (D:6)
  An ufetubus (D:5)
  A worm (D:3)
  3 dart slugs
  42 orcs
  9 ball pythons
  3 endoplasms
  A giant cockroach (D:1)
  12 goblins
  5 hobgoblins
  10 kobolds
  2 quokkas
  11 bats
  10 frilled lizards
  8 rats
242 creatures vanquished.

Vanquished Creatures (collateral kills)
  A wight (D:8)
  An orc priest (D:9)
  4 gnolls (D:8)
  An orc (D:7)
  2 goblins (D:6)
9 creatures vanquished.

Vanquished Creatures (others)
  12 dancing weapons
  4 plants (D:9)
16 creatures vanquished.

Grand Total: 267 creatures vanquished

Notes
Turn   | Place    | Note
-------+----------+-------------------------------------------
     0 | D:1      | smarlow the Spriggan Enchanter began the quest for the Orb.
     0 | D:1      | Reached XP level 1. HP: 9/9 MP: 5/5
   452 | D:1      | Reached XP level 2. HP: 13/13 MP: 6/6
   464 | D:1      | Learned a level 2 spell: Ensorcelled Hibernation
   831 | D:1      | Reached skill level 5 in Stealth
  1154 | D:2      | Reached XP level 3. HP: 17/17 MP: 8/8
  1931 | D:3      | Reached XP level 4. HP: 20/21 MP: 1/9
  2243 | D:3      | Found a broken altar of Ashenzari.
  2422 | D:3      | Reached skill level 1 in Fighting
  2489 | D:3      | Reached skill level 6 in Stealth
  2865 | D:4      | Noticed a scorpion
  2867 | D:4      | Reached XP level 5. HP: 24/25 MP: 8/11
  3445 | D:4      | Found an iron altar of Okawaru.
  3446 | D:4      | Noticed a phantom
  3496 | D:4      | Learned a level 3 spell: Confusing Touch
  3500 | D:4      | Learned a level 3 spell: Stone Arrow
  3564 | D:4      | Reached XP level 6. HP: 30/30 MP: 9/13
  4170 | D:5      | Entered Level 5 of the Dungeon
  4199 | D:5      | Reached skill level 1 in Earth Magic
  4279 | D:5      | Reached skill level 7 in Stealth
  4279 | D:5      | Reached XP level 7. HP: 25/34 MP: 10/15
  4393 | D:5      | Reached skill level 5 in Hexes
  4493 | D:5      | Reached skill level 5 in Spellcasting
  4493 | D:5      | Reached skill level 1 in Conjurations
  4843 | D:5      | Learned a level 3 spell: Tukima's Dance
  5187 | D:5      | Reached XP level 8. HP: 29/39 MP: 3/17
  5493 | D:5      | Reached skill level 5 in Dodging
  5928 | D:6      | Reached skill level 8 in Stealth
  6146 | D:6      | Found an ornate altar of the Wu Jian Council.
  6655 | D:6      | Learned a level 3 spell: Teleport Other
  6679 | D:6      | Found a glowing golden altar of the Shining One.
  7399 | D:6      | Reached XP level 9. HP: 44/44 MP: 4/20
  7702 | D:6      | Reached skill level 1 in Translocations
  8142 | D:7      | Reached skill level 9 in Stealth
  8171 | D:7      | Found Misuream's Magic Scroll Shoppe.
  8198 | D:7      | Bought a scroll of identify for 26 gold pieces
  8198 | D:7      | Bought a scroll of teleportation for 39 gold pieces
  8941 | D:7      | Found Repserhe's Weapon Shoppe.
  9291 | D:7      | Found a staircase to the Ecumenical Temple.
  9346 | Temple   | Entered the Ecumenical Temple
  9423 | Temple   | Became a worshipper of Dithmenos the Shadowed
  9445 | D:7      | Found Hyomikk's Assorted Antiques.
  9460 | D:7      | Bought a scroll of identify for 42 gold pieces
  9460 | D:7      | Bought a cyan potion for 18 gold pieces
  9460 | D:7      | Bought a scroll of identify for 42 gold pieces
  9460 | D:7      | Bought a jade ring for 105 gold pieces
 10108 | D:8      | Reached skill level 5 in Short Blades
 10337 | D:8      | Noticed Grum
 10358 | D:8      | Reached skill level 10 in Stealth
 10751 | D:8      | Killed Grum
 10783 | D:8      | Noticed a cyclops
 10794 | D:8      | HP: 2/45 [cyclops/large rock (32)]
 11422 | D:8      | Killed a cyclops
 11423 | D:8      | Reached XP level 10. HP: 49/49 MP: 16/23
 11760 | D:8      | Noticed Psyche
 12157 | D:8      | Killed Psyche
 12446 | D:8      | Found an ancient bone altar of Kikubaaqudgha.
 12469 | D:8      | Noticed Maurice
 12708 | D:8      | Killed Maurice
 12709 | D:8      | Reached skill level 11 in Stealth
 12939 | D:9      | Found a blossoming altar of Fedhas.
 13414 | D:9      | Reached * piety under Dithmenos
 13445 | D:9      | Identified the +4 chain mail of Goonergh {rPois rCorr}
 13599 | D:10     | Entered Level 10 of the Dungeon
 13818 | D:10     | Noticed a sun demon
 14035 | D:10     | Learned a level 2 spell: Blink
 14166 | D:10     | Noticed Maggie
 14170 | D:10     | Killed Maggie
 14171 | D:10     | Reached skill level 5 in Translocations
 14736 | D:9      | Noticed Harold
 15507 | D:11     | Noticed Snorg
 15522 | D:11     | Killed Snorg
 15558 | D:11     | Reached XP level 11. HP: 54/54 MP: 22/25
 15656 | D:11     | Noticed Erolcha
 15717 | D:11     | Killed Erolcha
 15718 | D:11     | Reached skill level 5 in Fighting
 15784 | D:11     | Noticed a boulder beetle
 15825 | D:11     | Noticed a four-headed hydra
 15832 | D:11     | Noticed a brown ugly thing
 15833 | D:11     | Killed a four-headed hydra
 16031 | D:11     | Killed a brown ugly thing
 16133 | D:11     | Found a shadowy altar of Dithmenos.
 16198 | D:11     | Found a staircase to the Orcish Mines.
 16291 | D:11     | Reached skill level 12 in Stealth
 16467 | D:11     | Found a staircase to the Lair.
 16709 | D:12     | Reached skill level 5 in Earth Magic
 16816 | D:12     | Found a sacrificial altar of Ru.
 16865 | D:12     | Reached ** piety under Dithmenos
 17361 | D:12     | Noticed a white ugly thing
 17376 | D:12     | Killed a white ugly thing
 17466 | D:12     | You fall into a shaft and drop 1 floor!
 17481 | D:13     | Noticed a two-headed ogre
 17498 | D:13     | Killed a two-headed ogre
 17583 | D:13     | Noticed a cyan ugly thing
 17590 | D:13     | Killed a cyan ugly thing
 17636 | D:13     | Noticed a white ugly thing
 17698 | D:13     | Noticed a centaur warrior
 17708 | D:13     | Shot with an arrow by a centaur warrior

Illustrated notes

Levels and vault maps discovered:
D:1:      eino_arrival_druids_welcome, layout_loops_cross
D:2:      layout_rooms
D:3:      layout_basic, mainiacjoe_overflow_six_doors_small
D:4:      layout_gridville, okawaru_gym_becter, minivault_1
D:5:      kb_forest_paths, layout_loops_ring
D:6:      layout_cave_pods, grunt_temple_overflow_open, minmay_ogre_servants
D:7:      layout_basic, minmay_temple_entry_antechambers, serial_shops,
          kennysheep_mini, nicolae_square_shop, nicolae_lakefront_shop,
          kennysheep_generic_room_11
D:8:      layout_gridville, kiku_gazebo_pond_becter, grunt_ministairs_13,
          uniq_psyche, uniq_maurice, uniq_grum
D:9:      layout_stronghold, fedhas_ov_isle_minmay, uniq_harold
D:10:     layout_rooms, uniq_maggie
D:11:     layout_loops_ring, erik_lair_dragon, orc_0_dummy,
          grunt_dithmenos_shadows, uniq_snorg, uniq_erolcha
D:12:     layout_loops_ring, nicolae_ru_great_annihilating_truth
D:13:     layout_irregular_city, portal_ice_cave_entry_pillars_2,
          hellmonk_ghost_big_iron
Temple:   nicolae_temple_x_marks_the_god

Skill      XL: |  1  2  3  4  5  6  7  8  9 10 11 |
---------------+----------------------------------+-----
Stealth        | 5 6 7 8 10 11 12 | 12.5
Dodging        | 3 4 5 6 7 8 |  8.7
Spellcasting   | 3 4 5 7 8 9 |  9.9
Hexes          | 4 5 6 |  6.0
Short Blades   | 2 3 4 5 6 7 |  7.0
Fighting       | 1 2 3 4 6 |  6.0
Earth Magic    | 1 2 3 4 5 |  5.3
Conjurations   | 1 2 3 4 |  4.3
Translocations | 3 5 7 |  7.1

Action                   |  1- 3 |  4- 6 |  7- 9 | 10-12 || total
-------------------------+-------+-------+-------+-------++-------
Melee: Dagger            |   113 |    91 |   173 |   137 ||   514
       Punch             |     1 |     1 |     1 |       ||     3
 Cast: Ensorcelled Hiber |    26 |    37 |   108 |   114 ||   285
       Confusing Touch   |       |     2 |    18 |    11 ||    31
       Tukima's Dance    |       |       |    16 |    19 ||    35
       Stone Arrow       |       |       |     1 |     3 ||     4
       Teleport Other    |       |       |       |     3 ||     3
       Blink             |       |       |       |     1 ||     1
  Use: Scroll            |       |       |     8 |     8 ||    16
       Potion            |       |       |       |     2 ||     2
 Stab: Sleeping          |    33 |    37 |    63 |    68 ||   201
       Confused          |       |     3 |    17 |     9 ||    29
Armor: Robe              |    14 |     4 |    17 |     9 ||    44
Dodge: Dodged            |    83 |    42 |   167 |    93 ||   385
